 Dungeon Crawl Stone Soup version 0.21.1-1-g345015f (webtiles) character file.

742 tidbits the Grave Robber (level 7, -5/51 HPs)
             Began as a Gnoll Necromancer on June 21, 2018.
             Was a Believer of Cheibriados.
             Slain by a centaur (6 damage)
             ... on level 7 of the Dungeon on June 22, 2018.
             The game lasted 00:19:04 (1437 turns).

tidbits the Grave Robber (Gnoll Necromancer)        Turns: 1437, Time: 00:19:05

Health: -5/51      AC:  5    Str: 15    XL:     7   Next: 76%
Magic:  2/15       EV: 16    Int: 24    God:    Cheibriados [**....]
Gold:   140        SH:  5    Dex: 21    Spells: 4/17 levels left

rFire    . . .     SeeInvis .   a - +0 war axe
rCold    . . .     Gourm    .   D - +0 buckler
rNeg     + + .     Faith    .   B - +2 robe {rN+}
rPois    .         Spirit   .   (no helmet)
rElec    .         Reflect  .   (no cloak)
rCorr    .         Harm     .   G - +0 pair of gloves
MR       .....                  (no boots)
Stlth    +++.......             (no amulet)
HPRegen  1.17/turn              z - ring of positive energy
MPRegen  0.14/turn              (no ring)

@: very slightly contaminated, regenerating, very slow
A: distributed training, fangs 1, strong nose
a: Bend Time, Renounce Religion


You were on level 7 of the Dungeon.
You worshipped Cheibriados.
Cheibriados was pleased with you.
You were very hungry.

You visited 2 branches of the dungeon, and saw 8 of its levels.
You also visited: Ossuary.

You collected 140 gold pieces.

Inventory:

Hand Weapons
 a - a +0 war axe (weapon)
 d - a cursed -3 club
 m - a +0 short sword
 n - a +0 flail
 p - a +0 trident
 t - a +0 dagger of venom
   (You took it off a kobold on level 3 of the Dungeon)
Missiles
 e - 4 stones (quivered)
 h - 50 arrows
 l - 3 tomahawks
Armour
 f - a +1 robe
 o - a +1 scale mail of poison resistance
   (You took it off an orc on level 3 of the Dungeon)
 B - a +2 robe of positive energy (worn)
   (You took it off an orc wizard on level 6 of the Dungeon)
 D - a +0 buckler (worn)
 G - a +0 pair of gloves (worn)
Jewellery
 z - a ring of positive energy (left hand)
   (You found it on level 6 of the Dungeon)
Wands
 y - a wand of iceblast (8)
 A - a wand of scattershot (4)
Scrolls
 i - 5 scrolls of identify
 j - 6 scrolls of remove curse
 r - a scroll of fog
 s - a scroll of magic mapping
 v - a scroll of fear
 w - 2 scrolls of enchant weapon
 F - a scroll of noise
Potions
 k - a potion of berserk rage
 u - a potion of haste
 x - a potion of brilliance
 C - a potion of lignification
 E - a potion of degeneration
Books
 b - a book of Necromancy

   Spells                             Type                      Level
   a - Pain                           Necromancy                   1
   b - Animate Skeleton               Necromancy                   1
   c - Vampiric Draining              Necromancy                   3
   d - Regeneration                   Charms/Necromancy            3
   e - Animate Dead                   Necromancy                   4
   f - Borgnjor's Vile Clutch         Necromancy/Earth             5
 g - a book of Maledictions
   (You found it on level 3 of the Dungeon)

   Spells                             Type                      Level
   a - Corona                         Hexes                        1
   b - Ensorcelled Hibernation        Hexes/Ice                    2
   c - Confuse                        Hexes                        3
   d - Tukima's Dance                 Hexes                        3
   e - Dazzling Spray                 Conjuration/Hexes            3
Comestibles
 c - 5 rations


   Skills:
 + Level 2.6 Fighting
 + Level 2.6 Short Blades
 + Level 2.6 Long Blades
 + Level 2.6 Axes
 + Level 2.6 Maces & Flails
 + Level 2.6 Polearms
 + Level 2.6 Staves
 + Level 2.6 Slings
 + Level 2.6 Bows
 + Level 2.6 Crossbows
 + Level 2.6 Throwing
 + Level 2.6 Armour
 + Level 5.3 Dodging
 + Level 5.0 Stealth
 + Level 2.6 Shields
 + Level 2.6 Unarmed Combat
 + Level 5.7 Spellcasting
 + Level 2.1 Conjurations
 + Level 2.1 Hexes
 + Level 2.1 Charms
 + Level 2.1 Summonings
 + Level 7.4 Necromancy
 + Level 2.1 Translocations
 + Level 2.1 Transmutations
 + Level 2.1 Fire Magic
 + Level 2.1 Ice Magic
 + Level 2.1 Air Magic
 + Level 2.1 Earth Magic
 + Level 2.1 Poison Magic
 + Level 2.9 Invocations
 + Level 2.6 Evocations


You had 4 spell levels left.
You knew the following spells:

 Your Spells              Type           Power        Failure   Level  Hunger
a - Pain                  Necr           ####         1%          1    None
d - Vampiric Draining     Necr           #####.....   1%          3    #......
n - Animate Skeleton      Necr           N/A          1%          1    None
r - Regeneration          Chrm/Necr      ####......   4%          3    #......
v - Borgnjor's Vile Clut  Necr/Erth      ####......   36%         5    #####..


Dungeon Overview and Level Annotations

Branches:
Dungeon (7/15)             Temple (1/1) D:4

Altars:
Ashenzari
Cheibriados
Gozag
Hepliaklqana
Kikubaaqudgha
Qazlal
Ru
Uskayaw
Vehumet
Wu Jian
Xom
Yredelemnul
Zin


Innate Abilities, Weirdness & Mutations

Your experience applies equally to all skills.
You have very sharp teeth.
Your uncanny sense of smell can sniff out nearby items.


Message History

The big kobold closely misses you. The kobold barely misses you.
Unknown command.
You hit the centaur.
The centaur is heavily wounded.
You closely miss the big kobold. You hit the kobold.
You kill the kobold!
Cheibriados appreciates the change of pace.
You hit the kobold. x2
You kill the kobold!
Cheibriados thoroughly appreciates the change of pace.
You feel sick. You block the centaur's attack.
The centaur hits you but does no damage.
The kobold hits you.
* * * LOW HITPOINT WARNING * * *
The adder barely misses you.
The big kobold hits you but does no damage.
You block the centaur's attack.
You don't have enough magic at the moment.
You hit the centaur but do no damage.
The centaur is heavily wounded.
You closely miss the kobold. You closely miss the adder.
You closely miss the big kobold.
You feel sick. You block the adder's attack. The kobold closely misses you.
The centaur misses you.
The big kobold hits you but does no damage.
The adder closely misses you. The kobold misses you.
You block the centaur's attack. The big kobold closely misses you.
You hit the centaur but do no damage.
The centaur is heavily wounded.
You slash the kobold!
You kill the kobold!
Cheibriados appreciates the change of pace.
You barely miss the adder. You closely miss the big kobold.
You feel sick. The adder closely misses you. The centaur hits you!
* * * LOW HITPOINT WARNING * * *
The big kobold hits you but does no damage.
The adder bites you but does no damage. The centaur closely misses you.
You completely miss the centaur.
The centaur is heavily wounded.
You miss the adder. You closely miss the big kobold.
You feel sick. The centaur closely misses you. The adder misses you.
The big kobold hits you with a short sword.
* * * LOW HITPOINT WARNING * * *
The centaur hits you.
* * * LOW HITPOINT WARNING * * *
The adder closely misses you.
You feel better. The big kobold closely misses you. The centaur misses you.
The adder misses you.
Unknown command.
You barely miss the centaur.
The centaur is heavily wounded.
You closely miss the big kobold. You hit the adder. The centaur hits you!
* * * LOW HITPOINT WARNING * * *
The adder bites you.
* * * LOW HITPOINT WARNING * * *
The big kobold misses you. The centaur completely misses you.
The big kobold barely misses you. You block the adder's attack.
You hit the centaur.
The centaur is severely wounded.
You hit the big kobold. You slash the adder! You block the centaur's attack.
The adder closely misses you. The centaur closely misses you.
The big kobold hits you with a short sword.
* * * LOW HITPOINT WARNING * * *
The adder barely misses you. The centaur hits you.
* * * LOW HITPOINT WARNING * * *
You feel better. The big kobold completely misses you. The centaur hits you.
* * * LOW HITPOINT WARNING * * *
You block the adder's attack.
A leopard gecko comes into view.
You barely miss the centaur.
The centaur is severely wounded.
The leopard gecko hisses angrily.
You hit the adder.
You hit the big kobold but do no damage.
The centaur closely misses you. The adder misses you.
The big kobold completely misses you. The centaur hits you.
* * * LOW HITPOINT WARNING * * *
The adder bites you.
* * * LOW HITPOINT WARNING * * *
You are poisoned.
The adder poisons you! The big kobold barely misses you.
You feel better. The centaur barely misses you. The adder closely misses you.
The centaur hits you.
* * * LOW HITPOINT WARNING * * *
The big kobold hits you but does no damage.
Unknown command.
You hit the centaur but do no damage.
The centaur is severely wounded.
You barely miss the big kobold. You hit the adder but do no damage.
You block the adder's attack. The centaur barely misses you.
The big kobold barely misses you. The adder misses you.
The centaur hits you but does no damage.
You slash the adder!
You kill the adder!
Cheibriados thoroughly appreciates the change of pace.
Cheibriados raises the support of your attributes as your movement slows.
You hit the centaur. You closely miss the big kobold. The centaur hits you!
* * * LOW HITPOINT WARNING * * *
The big kobold hits you but does no damage.
The centaur hits you.
You die...

∆ ∆ #. #. ∆ ...
#. #..##.
....$.#
.....#.#####..#
...........>...
......)<####..#
.....lc@(......
##....K(##.#..#
##.#.... ..
#.....## ...
......# ##
####...# #.###
#.


You could see a big kobold, a centaur and a leopard gecko.

Vanquished Creatures
  A centaur (D:5)
  The ghost of tidbits the Grave Robber, an amateur GnNe (D:3)
  An elf zombie (Ossuary)
  A crimson imp (D:5)
  A human zombie (Ossuary)
  An orc priest (D:6)
  A hound (D:6)
  4 orc wizards
  2 worker ants
  2 hound zombies (Ossuary)
  A howler monkey zombie (D:6)
  3 mummies (Ossuary)
  7 adders
  An ooze (D:3)
  An adder skeleton (D:3)
  5 adder zombies (Ossuary)
  14 orcs
  2 giant cockroaches (D:3)
  5 goblins
  3 hobgoblins
  10 kobolds
  A quokka (D:3)
  5 bats
  3 frilled lizards
  2 goblin zombies (Ossuary)
  4 hobgoblin zombies (Ossuary)
  5 jackal zombies (Ossuary)
  A kobold zombie (Ossuary)
  3 orc zombies (Ossuary)
  A quokka zombie (Ossuary)
  2 rat zombies (Ossuary)
94 creatures vanquished.

Vanquished Creatures (others)
  A plant (D:3)
1 creature vanquished.

Grand Total: 95 creatures vanquished

Notes
Turn   | Place    | Note
-------+----------+-------------------------------------------
     0 | D:1      | tidbits the Gnoll Necromancer began the quest for the Orb.
     0 | D:1      | Reached XP level 1. HP: 13/13 MP: 6/6
    25 | D:1      | HP: 1/13 [goblin (2)]
    26 | D:1      | Reached XP level 2. HP: 1/19 MP: 0/7
    29 | D:1      | Learned a level 1 spell: Animate Skeleton
   204 | D:3      | Noticed tidbits's ghost (amateur GnNe)
   209 | D:3      | HP: 2/20 [tidbits's ghost (3)]
   220 | D:3      | Killed tidbits's ghost
   220 | D:3      | Reached skill level 1 in Fighting
   220 | D:3      | Reached skill level 1 in Short Blades
   220 | D:3      | Reached skill level 1 in Long Blades
   220 | D:3      | Reached skill level 1 in Axes
   220 | D:3      | Reached skill level 1 in Maces & Flails
   220 | D:3      | Reached skill level 1 in Polearms
   220 | D:3      | Reached skill level 1 in Staves
   220 | D:3      | Reached skill level 1 in Slings
   220 | D:3      | Reached skill level 1 in Bows
   220 | D:3      | Reached skill level 1 in Crossbows
   220 | D:3      | Reached skill level 1 in Throwing
   220 | D:3      | Reached skill level 1 in Armour
   220 | D:3      | Reached skill level 1 in Shields
   220 | D:3      | Reached skill level 1 in Unarmed Combat
   220 | D:3      | Reached skill level 5 in Spellcasting
   220 | D:3      | Reached skill level 1 in Conjurations
   220 | D:3      | Reached skill level 1 in Hexes
   220 | D:3      | Reached skill level 1 in Charms
   220 | D:3      | Reached skill level 1 in Summonings
   220 | D:3      | Reached skill level 1 in Translocations
   220 | D:3      | Reached skill level 1 in Transmutations
   220 | D:3      | Reached skill level 1 in Fire Magic
   220 | D:3      | Reached skill level 1 in Ice Magic
   220 | D:3      | Reached skill level 1 in Air Magic
   220 | D:3      | Reached skill level 1 in Earth Magic
   220 | D:3      | Reached skill level 1 in Poison Magic
   220 | D:3      | Reached skill level 1 in Invocations
   220 | D:3      | Reached skill level 1 in Evocations
   220 | D:3      | Reached XP level 3. HP: 16/26 MP: 6/9
   220 | D:3      | Reached XP level 4. HP: 20/32 MP: 7/11
   232 | D:3      | Learned a level 3 spell: Regeneration
   237 | D:3      | Learned a level 3 spell: Vampiric Draining
   364 | D:3      | Reached XP level 5. HP: 30/37 MP: 8/12
   574 | D:4      | Found a staircase to the Ecumenical Temple.
   583 | Temple   | Entered the Ecumenical Temple
   614 | Temple   | Became a worshipper of Cheibriados the Contemplative
   676 | D:5      | Entered Level 5 of the Dungeon
   756 | D:4      | Reached XP level 6. HP: 27/44 MP: 6/13
   777 | D:4      | Reached skill level 2 in Invocations
   808 | D:5      | Reached skill level 2 in Fighting
   808 | D:5      | Reached skill level 2 in Short Blades
   808 | D:5      | Reached skill level 2 in Long Blades
   808 | D:5      | Reached skill level 2 in Axes
   808 | D:5      | Reached skill level 2 in Maces & Flails
   808 | D:5      | Reached skill level 2 in Polearms
   808 | D:5      | Reached skill level 2 in Staves
   808 | D:5      | Reached skill level 2 in Slings
   808 | D:5      | Reached skill level 2 in Bows
   808 | D:5      | Reached skill level 2 in Crossbows
   808 | D:5      | Reached skill level 2 in Throwing
   808 | D:5      | Reached skill level 2 in Armour
   808 | D:5      | Reached skill level 5 in Dodging
   808 | D:5      | Reached skill level 2 in Shields
   808 | D:5      | Reached skill level 2 in Unarmed Combat
   808 | D:5      | Reached skill level 2 in Evocations
   839 | D:4      | Found a basalt altar of Yredelemnul.
   848 | D:5      | Learned a level 5 spell: Borgnjor's Vile Clutch
   896 | D:5      | Found an opulent altar of Gozag.
  1027 | D:6      | Reached XP level 7. HP: 39/50 MP: 9/15
  1049 | D:6      | Reached * piety under Cheibriados
  1148 | D:6      | Found a sand-covered staircase.
  1159 | Ossuary  | Entered an ossuary
  1247 | Ossuary  | Reached skill level 2 in Conjurations
  1247 | Ossuary  | Reached skill level 2 in Hexes
  1247 | Ossuary  | Reached skill level 2 in Charms
  1247 | Ossuary  | Reached skill level 2 in Summonings
  1247 | Ossuary  | Reached skill level 2 in Translocations
  1247 | Ossuary  | Reached skill level 2 in Transmutations
  1247 | Ossuary  | Reached skill level 2 in Fire Magic
  1247 | Ossuary  | Reached skill level 2 in Ice Magic
  1247 | Ossuary  | Reached skill level 2 in Air Magic
  1247 | Ossuary  | Reached skill level 2 in Earth Magic
  1247 | Ossuary  | Reached skill level 2 in Poison Magic
  1285 | Ossuary  | Reached ** piety under Cheibriados
  1336 | Ossuary  | Reached skill level 5 in Stealth
  1432 | D:7      | HP: 4/51 [centaur (6)]
  1437 | D:7      | HP: 1/51 [centaur (10)]
  1437 | D:7      | Slain by a centaur

Skill      XL: |  1  2  3  4  5  6  7 |
---------------+----------------------+-----
Fighting       | 1 2 |  2.6
Short Blades   | 1 2 |  2.6
Long Blades    | 1 2 |  2.6
Axes           | 1 2 |  2.6
Maces & Flails | 1 2 |  2.6
Polearms       | 1 2 |  2.6
Staves         | 1 2 |  2.6
Slings         | 1 2 |  2.6
Bows           | 1 2 |  2.6
Crossbows      | 1 2 |  2.6
Throwing       | 1 2 |  2.6
Armour         | 1 2 |  2.6
Shields        | 1 2 |  2.6
Unarmed Combat | 1 2 |  2.6
Spellcasting   | 5 |  5.7
Conjurations   | 1 2 |  2.1
Hexes          | 1 2 |  2.1
Charms         | 1 2 |  2.1
Summonings     | 1 2 |  2.1
Translocations | 1 2 |  2.1
Transmutations | 1 2 |  2.1
Fire Magic     | 1 2 |  2.1
Ice Magic      | 1 2 |  2.1
Air Magic      | 1 2 |  2.1
Earth Magic    | 1 2 |  2.1
Poison Magic   | 1 2 |  2.1
Invocations    | 1 2 |  2.9
Evocations     | 1 2 |  2.6
Dodging        | 5 |  5.3
Stealth        | 5 |  5.0
Necromancy     | |  7.4

Action                   |  1- 3 |  4- 6 |  7- 9 || total
-------------------------+-------+-------+-------++-------
Melee: Unarmed           |     2 |       |       ||     2
       Short sword       |     8 |       |       ||     8
       Bite              |     1 |     3 |    19 ||    23
       Dagger            |       |    28 |    14 ||    42
       Flail             |       |    14 |    15 ||    29
       War axe           |       |       |   110 ||   110
 Cast: Pain              |    15 |    44 |     7 ||    66
       Regeneration      |       |     5 |    17 ||    22
       Vampiric Draining |       |       |     1 ||     1
Evoke: Wand              |       |       |     1 ||     1
  Use: Scroll            |     3 |     3 |     5 ||    11
       Potion            |     2 |       |     4 ||     6
 Stab: Sleeping          |       |     9 |     1 ||    10
  Eat: Chunk             |       |       |     2 ||     2
Armor: Robe              |     3 |    10 |    57 ||    70
Dodge: Dodged            |     5 |    30 |   233 ||   268
Block: Buckler           |       |    19 |    52 ||    71

Table legend:
 A = Turns spent in this place as a percentage of turns spent in the entire game.
 B = Non-inter-level travel turns spent in this place as a percentage of non-inter-level travel turns spent in the entire game.
 C = Inter-level travel turns spent in this place as a percentage of turns spent in this place.
 D = Turns resting spent in this place as a percentage of non-inter-level travel turns spent in this place.
 E = Turns spent auto-exploring this place as a percentage of non-inter-level travel turns spent in this place.
 F = Non-inter-level travel turns spent in this place divided by the number of levels of this place that you've seen.
                   A       B       C       D       E      F
               +-------+-------+-------+-------+-------+----------------------
         Total | 100.0 | 100.0 |   2.0 |   0.0 |   0.0 | 156.4
       Dungeon |  80.8 |  82.5 |   0.0 |   0.0 |   0.0 | 165.9
        Temple |   4.3 |   2.3 |  46.8 |   0.0 |   0.0 |  33.0
       Ossuary |  14.9 |  15.2 |   0.0 |   0.0 |   0.0 | 214.0
               +-------+-------+-------+-------+-------+----------------------

Table legend:
 A = Kills in this place as a percentage of kills in entire the game.
 B = Kills by you in this place as a percentage of kills by you in the entire game.
 C = Kills by friends in this place as a percentage of kills by friends in the entire game.
 D = Other kills in this place as a percentage of other kills in the entire game.
 E = Experience gained in this place as a percentage of experience gained in the entire game.
 F = Experience gained in this place divided by the number of levels of this place that you have seen.
                   A       B       C       D       E      F
               +-------+-------+-------+-------+-------+----------------------
         Total | 100.0 | 100.0 |   N/A |   N/A | 100.0 | 117.9
       Dungeon |  68.1 |  68.1 |   N/A |   N/A |  73.2 | 111.0
       Ossuary |  31.9 |  31.9 |   N/A |   N/A |  26.8 | 284.0
               +-------+-------+-------+-------+-------+----------------------

Vault maps used:
D:1:      dpeg_arrival_tiny_a
D:2:      uniq_sigmund
D:3:      first_ration, serial_bayou_ford_a, grunt_ministairs_11
D:4:      minmay_temple_entry_overgrown, serial_glass, glass_columns_b,
          glass_columns_c, glass_columns_a, glass_columns_b,
          yredelemnul_altar_generic
D:5:      nicolae_gozag_zags_fifth_avenue
D:6:      lightli_ossuary_entry_decrepit_ruins
D:7:      uniq_menkaure
Temple:   kilobyte_greek_temple
Ossuary:  minmay_ossuary_two_tombs
